MLB
PHILADELPHIA PHILLIES @ COLORADO ROCKIES
05/06/2098
 
TOP OF THE 1ST
Philadelphia Phillies batting - Pitching for Colorado Rockies : RHP Wally Sharp
Pitching: RHP Wally Sharp
Batting: RHB Ryan Klepper 0-0: Called Strike
0-1: Fly out, F2 (Popup, 23F, EV 91.3 MPH)
Batting: RHB Aaron Marler 0-0: Ground out 1-4-3 (Groundball, 15S, EV 101.9 MPH)
Batting: RHB Vicente Vargas 0-0: Swinging Strike
0-1: Foul Ball, location: 9LDF
0-2: Ball
1-2: Ball
2-2: Strikes out swinging
Top of the 1st over - 0 runs, 0 hits, 0 errors, 0 left on base; Philadelphia 0 - Colorado 0
BOTTOM OF THE 1ST
Colorado Rockies batting - Pitching for Philadelphia Phillies : RHP Jason Hunter
Pitching: RHP Jason Hunter
Batting: LHB Mike Keatts 0-0: Ball
1-0: TRIPLE (Groundball, 3L, EV 108.1 MPH)
Batting: RHB Mike Woodard 0-0: DOUBLE (Line Drive, 7LS, EV 108.8 MPH)
Mike Keatts scores
Batting: LHB Matt Beck 0-0: Swinging Strike
0-1: Ball
1-1: Ball
2-1: Swinging Strike
2-2: Ball
3-2: Strikes out swinging
Batting: RHB Kosuke Sakai 0-0: DOUBLE (Flyball, 8RXD, EV 95.6 MPH)
Mike Woodard scores
Batting: LHB Jeremy Papish 0-0: Foul Ball, location: 23F
0-1: SINGLE (Groundball, 34D, EV 95.0 MPH)
Kosuke Sakai to third
Batting: LHB Jim Davis 0-0: Called Strike
0-1: SINGLE (Line Drive, 6D, EV 100.0 MPH)
Kosuke Sakai scores
Jeremy Papish to second
Runner from 2nd tries for 3rd, SAFE, throw by CF made to third
Batting: LHB Glenn Sewell 0-0: Ball
1-0: Called Strike
1-1: Swinging Strike
1-2: Foul Ball, location: 2F
1-2: Ball
2-2: Strikes out swinging
Batting: LHB Carlos Parez 0-0: Foul Ball, location: 2F
0-1: Ground out 4-3 (Groundball, 13, EV 87.5 MPH)
Bottom of the 1st over - 3 runs, 5 hits, 0 errors, 2 left on base; Philadelphia 0 - Colorado 3
TOP OF THE 2ND
Philadelphia Phillies batting - Pitching for Colorado Rockies : RHP Wally Sharp
Batting: SHB Pete Ray 0-0: Ball
1-0: Foul Ball, location: 25F
1-1: Ball
2-1: Foul Ball, location: 5DF
2-2: Foul Ball, location: 5DF
2-2: Ball
3-2: Base on Balls
Batting: RHB Luis Esquivel 0-0: Called Strike
0-1: Ball
1-1: SINGLE (Line Drive, 89S, EV 100.6 MPH)
Pete Ray to second
Batting: RHB Chad Larson 0-0: Called Strike
0-1: Ball
1-1: Fly out, F8 (Flyball, 8LM, EV 86.9 MPH)
Batting: RHB John Zanin 0-0: Foul Ball, location: 3F
0-1: Foul Ball, location: 25F
0-2: Fly out, F7 (Flyball, 78S, EV 89.4 MPH)
Batting: RHB Josh Hester 0-0: Fielders Choice at 2nd, 5-4 (Groundball, 56, EV 90.6 MPH)
Top of the 2nd over - 0 runs, 1 hit, 0 errors, 2 left on base; Philadelphia 0 - Colorado 3
BOTTOM OF THE 2ND
Colorado Rockies batting - Pitching for Philadelphia Phillies : RHP Jason Hunter
Batting: LHB Jesus Pena 0-0: Ball
1-0: Foul Ball, location: 5F
1-1: Swinging Strike
1-2: Ball
2-2: Strikes out swinging
Batting: LHB Mike Keatts 0-0: Ball
1-0: Called Strike
1-1: Ball
2-1: Ball
3-1: DOUBLE (Flyball, 89XD, EV 106.9 MPH)
Batting: RHB Mike Woodard 0-0: DOUBLE (Flyball, 78D, EV 101.9 MPH)
Mike Keatts scores
Batting: LHB Matt Beck 0-0: Ball
1-0: Ball
2-0: Foul Ball, location: 2LF
2-1: Ball
3-1: Base on Balls
Batting: RHB Kosuke Sakai 0-0: Ball
1-0: Ball
2-0: Ball
3-0: Called Strike
3-1: DOUBLE (Flyball, 89XD, EV 103.8 MPH)
Mike Woodard scores
Matt Beck to third
Runner from 3rd tries for Home, SAFE, throw by CF to trailing runner, OUT at third! 8-3-5
Batting: LHB Jeremy Papish 0-0: Ball
1-0: Swinging Strike
1-1: Ball
2-1: Foul Ball, location: 5DF
2-2: Strikes out swinging
Bottom of the 2nd over - 3 runs, 3 hits, 0 errors, 0 left on base; Philadelphia 0 - Colorado 6
TOP OF THE 3RD
Philadelphia Phillies batting - Pitching for Colorado Rockies : RHP Wally Sharp
Batting: RHB Jason Garza 0-0: Ball
1-0: Ball
2-0: Foul Ball, location: 2F
2-1: Foul Ball, location: 2F
2-2: Ball
3-2: Strikes out swinging
Pitching: RHP Chris Colbert
Batting: RHB Ryan Klepper 0-0: Ball
1-0: Called Strike
1-1: Fly out, F7 (Flyball, 78M, EV 72.5 MPH)
Batting: RHB Aaron Marler 0-0: Ball
1-0: Ball
2-0: Ball
3-0: SINGLE (Groundball, 6MD, EV 105.0 MPH)
Batting: RHB Vicente Vargas 0-0: Called Strike
0-1: SINGLE (Groundball, 34, EV 88.1 MPH) (infield hit)
Aaron Marler to second
Batting: SHB Pete Ray 0-0: Ball
1-0: Foul Ball, location: 2F
1-1: Ball
2-1: Fly out, F6 (Flyball, 6D, EV 93.1 MPH)
Top of the 3rd over - 0 runs, 2 hits, 0 errors, 2 left on base; Philadelphia 0 - Colorado 6
BOTTOM OF THE 3RD
Colorado Rockies batting - Pitching for Philadelphia Phillies : RHP Jason Hunter
Batting: LHB Jim Davis 0-0: Foul Ball, location: 23FF
0-1: Ball
1-1: Ball
2-1: Ball
3-1: Base on Balls
Pitching: RHP Chris Sexton
Batting: LHB Glenn Sewell 0-0: Foul Ball, location: 25FF
0-1: Foul Ball, location: 2F
0-2: Ball
1-2: 2-RUN HOME RUN (Flyball, 7LD, EV 96.3 MPH), Distance : 364 ft
Batting: LHB Carlos Parez 0-0: Called Strike
0-1: Foul Ball, location: 2F
0-2: Strikes out looking
Batting: LHB Jesus Pena 0-0: SINGLE (Line Drive, 7S, EV 102.5 MPH)
Batting: LHB Mike Keatts 0-0: Swinging Strike
0-1: Ball
1-1: Fly out, F8 (Flyball, 8RD, EV 93.1 MPH)
Batting: RHB Mike Woodard 0-0: Called Strike
0-1: Ball
1-1: Called Strike
1-2: Ball
2-2: Strikes out swinging
Bottom of the 3rd over - 2 runs, 2 hits, 0 errors, 1 left on base; Philadelphia 0 - Colorado 8
TOP OF THE 4TH
Philadelphia Phillies batting - Pitching for Colorado Rockies : RHP Chris Colbert
Batting: RHB Luis Esquivel 0-0: Called Strike
0-1: Swinging Strike
0-2: SINGLE (Line Drive, 5D, EV 98.8 MPH)
Batting: RHB Chad Larson 0-0: Fly out, F8 (Flyball, 8RXD, EV 92.5 MPH)
Batting: RHB John Zanin 0-0: Fly out, F7 (Flyball, 7, EV 91.9 MPH)
Batting: RHB Josh Hester 0-0: Ball
1-0: Fly out, F7 (Flyball, 7D, EV 111.3 MPH)
Top of the 4th over - 0 runs, 1 hit, 0 errors, 1 left on base; Philadelphia 0 - Colorado 8
BOTTOM OF THE 4TH
Colorado Rockies batting - Pitching for Philadelphia Phillies : RHP Chris Sexton
Batting: LHB Matt Beck 0-0: Called Strike
0-1: Swinging Strike
0-2: Strikes out swinging
Batting: RHB Kosuke Sakai 0-0: Called Strike
0-1: Ball
1-1: Swinging Strike
1-2: Foul Ball, location: 2F
1-2: SINGLE (Line Drive, 3D, EV 97.5 MPH)
Batting: LHB Jeremy Papish 0-0: Foul Ball, location: 2F
0-1: Ball
1-1: Ball
2-1: Fielders Choice at 2nd, 3-6 (Groundball, 3, EV 89.4 MPH)
Batting: LHB Jim Davis 0-0: Ball
1-0: SINGLE (Line Drive, 7S, EV 109.4 MPH)
Jeremy Papish to second
Runner from 2nd tries for 3rd, SAFE, no throw by LF
Batting: LHB Glenn Sewell 0-0: Fly out, F7 (Flyball, 7LM, EV 91.9 MPH)
Bottom of the 4th over - 0 runs, 2 hits, 0 errors, 2 left on base; Philadelphia 0 - Colorado 8
TOP OF THE 5TH
Philadelphia Phillies batting - Pitching for Colorado Rockies : RHP Chris Colbert
Batting: RHB Jason Garza 0-0: Ball
1-0: Ball
2-0: Fly out, F9 (Flyball, 89S, EV 94.4 MPH)
Batting: RHB Ryan Klepper 0-0: Foul Ball, location: 2F
0-1: Ball
1-1: Ball
2-1: Foul Ball, location: 5F
2-2: Ball
3-2: Strikes out swinging
Batting: RHB Aaron Marler 0-0: Ball
1-0: Ground out 5-3 (Groundball, 56, EV 88.8 MPH)
Top of the 5th over - 0 runs, 0 hits, 0 errors, 0 left on base; Philadelphia 0 - Colorado 8
BOTTOM OF THE 5TH
Colorado Rockies batting - Pitching for Philadelphia Phillies : RHP Chris Sexton
Batting: LHB Carlos Parez 0-0: SINGLE (Line Drive, 34D, EV 109.4 MPH)
Batting: LHB Jesus Pena 0-0: Swinging Strike
0-1: Ball
1-1: Swinging Strike
1-2: Ball
2-2: Ball
3-2: Foul Ball, location: 7LDF
3-2: Foul Ball, location: 3F
3-2: Fielders Choice at 2nd, 3-6 (Groundball, 34S, EV 80.6 MPH)
Pitching: LHP Vince Booker
Batting: LHB Mike Keatts 0-0: Fielders Choice at 2nd, 4-6 (Groundball, 4, EV 108.1 MPH)
Batting: RHB Mike Woodard 0-0: Ball
1-0: Called Strike
1-1: Ground out 5-3 (Groundball, 56S, EV 84.4 MPH)
Bottom of the 5th over - 0 runs, 1 hit, 0 errors, 1 left on base; Philadelphia 0 - Colorado 8
TOP OF THE 6TH
Philadelphia Phillies batting - Pitching for Colorado Rockies : RHP Chris Colbert
Batting: RHB Vicente Vargas 0-0: Called Strike
0-1: SINGLE (Line Drive, 89S, EV 96.9 MPH)
Pitching: RHP Derek Fauntleroy
Batting: SHB Pete Ray 0-0: Called Strike
0-1: SINGLE (Line Drive, 5D, EV 100.0 MPH)
Vicente Vargas to second
Batting: RHB Luis Esquivel 0-0: Ball
1-0: Fly out, F8 (Flyball, 89D, EV 108.8 MPH)
Runner from 2nd tags up, SAFE at 3rd, no throw by CF
Batting: RHB Chad Larson 0-0: Ball
1-0: Called Strike
1-1: SINGLE (Groundball, 6MD, EV 95.6 MPH)
Vicente Vargas scores
Pete Ray to second
Runner from 2nd tries for 3rd, SAFE, no throw by CF
Batting: RHB John Zanin 0-0: Called Strike
0-1: Ball
1-1: 3-RUN HOME RUN (Flyball, 7LD, EV 97.5 MPH), Distance : 366 ft
Pitching: RHP Doug Craig
Batting: RHB Josh Hester 0-0: Swinging Strike
0-1: Foul Ball, location: 5F
0-2: Strikes out swinging
Batting: RHB Jason Garza 0-0: Called Strike
0-1: Ball
1-1: Swinging Strike
1-2: Foul Ball, location: 2F
1-2: Strikes out swinging
Top of the 6th over - 4 runs, 4 hits, 0 errors, 0 left on base; Philadelphia 4 - Colorado 8
BOTTOM OF THE 6TH
Colorado Rockies batting - Pitching for Philadelphia Phillies : LHP Vince Booker
Batting: LHB Matt Beck 0-0: Ball
1-0: Fly out, F8 (Flyball, 78M, EV 85.0 MPH)
Batting: RHB Kosuke Sakai 0-0: Swinging Strike
0-1: Ball
1-1: Called Strike
1-2: Strikes out looking
Batting: LHB Jeremy Papish 0-0: Called Strike
0-1: Swinging Strike
0-2: Strikes out swinging
Bottom of the 6th over - 0 runs, 0 hits, 0 errors, 0 left on base; Philadelphia 4 - Colorado 8
TOP OF THE 7TH
Philadelphia Phillies batting - Pitching for Colorado Rockies : RHP Doug Craig
Batting: RHB Ryan Klepper 0-0: Called Strike
0-1: Ball
1-1: Foul Ball, location: 3SF
1-2: Foul Ball, location: 2RF
1-2: Ball
2-2: Fly out, F8 (Line Drive, 8RXD, EV 104.4 MPH)
Batting: RHB Aaron Marler 0-0: Ball
1-0: Swinging Strike
1-1: Ball
2-1: Ball
3-1: Swinging Strike
3-2: Foul Ball, location: 7LSFF
3-2: DOUBLE (Flyball, 89XD, EV 104.4 MPH)
Batting: RHB Vicente Vargas 0-0: Ball
1-0: Swinging Strike
1-1: SINGLE (Line Drive, 8LS, EV 89.4 MPH)
Aaron Marler to third
Runner from 3rd tries for Home, SAFE, throw by CF to home
Batting: SHB Pete Ray 0-0: Foul Ball, location: 2F
0-1: Foul Ball, location: 3F
0-2: Ball
1-2: Ball
2-2: Ball
3-2: Base on Balls
Vicente Vargas to second
Pitching: RHP Gustavo Becerra
Batting: RHB Luis Esquivel 0-0: Swinging Strike
0-1: Called Strike
0-2: Ball
1-2: Ball
2-2: Strikes out looking
Batting: RHB Chad Larson 0-0: Called Strike
0-1: Swinging Strike
0-2: Ball
1-2: Foul Ball, location: 2F
1-2: Foul Ball, location: 5FF
1-2: Ball
2-2: Strikes out looking
Top of the 7th over - 1 run, 2 hits, 0 errors, 2 left on base; Philadelphia 5 - Colorado 8
BOTTOM OF THE 7TH
Colorado Rockies batting - Pitching for Philadelphia Phillies : LHP Vince Booker
Batting: LHB Jim Davis 0-0: Foul Ball, location: 7LDF
0-1: Ball
1-1: Foul Ball, location: 2F
1-2: Ground out 2-3 (Groundball, 2L, EV 74.4 MPH)
Batting: LHB Glenn Sewell 0-0: Ball
1-0: Called Strike
1-1: TRIPLE (Flyball, 89XD, EV 101.3 MPH)
Batting: LHB Carlos Parez 0-0: Intentional Walk
Batting: LHB Jesus Pena 0-0: Ball
1-0: SINGLE (Groundball, 4MD, EV 95.6 MPH)
Glenn Sewell scores
Carlos Parez to second
Batting: LHB Mike Keatts 0-0: Ball
1-0: Called Strike
1-1: Ground out 4-3 (Groundball, 4S, EV 65.0 MPH)
Carlos Parez to third
Jesus Pena to second
Pitching: LHP Bronson Kellerman
Batting: RHB Mike Woodard 0-0: Ball
1-0: Ball
2-0: Foul Ball, location: 2F
2-1: Swinging Strike
2-2: DOUBLE (Line Drive, 7LM, EV 108.1 MPH)
Carlos Parez scores
Jesus Pena scores
Batting: LHB Matt Beck 0-0: Fly out, F5 (Popup, 5F, EV 56.9 MPH)
Bottom of the 7th over - 3 runs, 3 hits, 0 errors, 1 left on base; Philadelphia 5 - Colorado 11
TOP OF THE 8TH
Philadelphia Phillies batting - Pitching for Colorado Rockies : RHP Gustavo Becerra
Batting: RHB John Zanin 0-0: Fly out, F2 (Popup, 2R, EV 93.8 MPH)
Batting: RHB Josh Hester 0-0: Called Strike
0-1: Called Strike
0-2: Ball
1-2: Ball
2-2: Fly out, F9 (Line Drive, 89D, EV 91.3 MPH)
Pinch Hitting: SHB Tim Spotton 0-0: Called Strike
0-1: DOUBLE (Flyball, 89XD, EV 93.8 MPH)
Batting: RHB Ryan Klepper 0-0: Swinging Strike
0-1: Foul Ball, location: 5F
0-2: Foul Ball, location: 2F
0-2: Strikes out looking
Top of the 8th over - 0 runs, 1 hit, 0 errors, 1 left on base; Philadelphia 5 - Colorado 11
BOTTOM OF THE 8TH
Colorado Rockies batting - Pitching for Philadelphia Phillies : LHP Bronson Kellerman
Now at SS: Allan Alessi
Batting: RHB Kosuke Sakai 0-0: Swinging Strike
0-1: Swinging Strike
0-2: Ball
1-2: Ball
2-2: Strikes out swinging
Batting: LHB Jeremy Papish 0-0: Ground out 6-3 (Groundball, P, EV 83.1 MPH)
Batting: LHB Jim Davis 0-0: Ball
1-0: Ball
2-0: Called Strike
2-1: Ball
3-1: Base on Balls
Batting: LHB Glenn Sewell 0-0: Called Strike
0-1: Called Strike
0-2: Ball
1-2: Ground out 4-3 (Groundball, 34, EV 102.5 MPH)
Bottom of the 8th over - 0 runs, 0 hits, 0 errors, 1 left on base; Philadelphia 5 - Colorado 11
TOP OF THE 9TH
Philadelphia Phillies batting - Pitching for Colorado Rockies : RHP Gustavo Becerra
Pitching: RHP Angel Cruz
Batting: RHB Aaron Marler 0-0: Ground out 5-3 (Groundball, 56, EV 85.0 MPH)
Batting: RHB Vicente Vargas 0-0: Ball
1-0: Called Strike
1-1: Ball
2-1: Ground out 4-3 (Groundball, 4, EV 87.5 MPH)
Batting: SHB Pete Ray 0-0: Ball
1-0: Ball
2-0: Called Strike
2-1: Called Strike
2-2: Foul Ball, location: 9LMF
2-2: Strikes out looking
Top of the 9th over - 0 runs, 0 hits, 0 errors, 0 left on base; Philadelphia 5 - Colorado 11
Wednesday, April 3rd , 2024 - OOTP Baseball 24.11 Build 85